 Dungeon Crawl Stone Soup version 0.19-a0-1714-gcab94ab (webtiles) character file.

3553 kae the Carver (level 10, -4/70 HPs)
             Began as a Formicid Fighter on Sept 28, 2016.
             Was an Initiate of Qazlal.
             Slain by an orc warrior
             ... wielding a +0 battleaxe
              (20 damage)
             ... on level 8 of the Dungeon.
             The game lasted 00:08:01 (7230 turns).

kae the Carver (Formicid Fighter)                   Turns: 7230, Time: 00:08:02

Health: -4/70      AC:  9    Str: 25    XL:     10   Next: 30%
Magic:  10/10      EV:  8    Int:  7    God:    Qazlal [......]
Gold:   436        SH:  9    Dex: 10    Spells: 0 memorised, 9 levels left

rFire  . . .     SeeInvis +     a - +0 long sword
rCold  . . .     Gourm    .     b - +0 scale mail
rNeg   . . .     Faith    .     c - +0 shield
rPois  .         Spirit   .     (helmet unavailable)
rElec  .         Dismiss  .     i - +0 cloak
rCorr  .         Reflect  .     (no gloves)
MR     +....     Harm     .     (no boots)
Stlth  ..........               (no amulet)
                                (no ring)
                                (no ring)

@: no status effects
A: permanent stasis, dig shafts and tunnels, four strong arms, antennae 3
a: Dig, Shaft Self, Renounce Religion


You were on level 8 of the Dungeon.
You worshipped Qazlal.
Qazlal was noncommittal.
You were not hungry.

You visited 1 branch of the dungeon, and saw 8 of its levels.

You collected 436 gold pieces.

Inventory:

Hand Weapons
 a - a +0 long sword (weapon)
Armour
 b - a +0 scale mail (worn)
 c - a +0 shield (worn)
 i - a +0 cloak (worn)
Jewellery
 o - an uncursed ring of ice {unknown}
 q - an uncursed ring of stealth {unknown}
 w - an uncursed amulet of the gourmand {unknown}
 y - an uncursed amulet of faith {unknown}
Wands
 h - a wand of confusion (19/48)
 v - a wand of iceblast (10/15)
Scrolls
 g - a scroll of fog {unknown}
 j - 2 scrolls of amnesia {unknown}
 m - 8 scrolls of identify
 s - a scroll of blinking {unknown}
 t - 2 scrolls of remove curse
 x - 2 scrolls of random uselessness {unknown}
 z - a scroll of fear {unknown}
Potions
 e - a potion of cure mutation {unknown}
 k - 6 potions of curing
 l - 3 potions of brilliance {unknown}
 r - 3 potions of degeneration {unknown}
 u - a potion of berserk rage {unknown}
Books
 p - a book of Power

   Spells                             Type                      Level
   a - Fulminant Prism                Conjuration/Hexes            4
   b - Iskenderun's Mystic Blast      Conjuration                  4
   c - Venom Bolt                     Conjuration/Poison           5
   d - Bolt of Magma                  Conjuration/Fire/Earth       5
   e - Iron Shot                      Conjuration/Earth            6
   f - Orb of Destruction             Conjuration                  7
   g - Spellforged Servitor           Conjuration/Summoning        7
Comestibles
 d - 3 meat rations
 f - 6 bread rations
 n - 2 fruits
 A - 2 royal jellies
 B - 7 beef jerkies
 C - a chunk of flesh


   Skills:
 - Level 3.2 Fighting
 + Level 13.7 Long Blades
 - Level 3.2 Armour
 - Level 3.6 Shields


You had 9 spell levels left.
You didn't know any spells.

Dungeon Overview and Level Annotations

Branches:
Dungeon (8/15)             Temple (0/1) D:5
   Lair: D:8-11

Altars:
Ashenzari
Cheibriados
Elyvilon
Hepliaklqana
Okawaru
Qazlal
Trog

Shops:
D:6 (


Innate Abilities, Weirdness & Mutations

You are under a permanent stasis effect.
You can dig through walls and to a lower floor.
Your four strong arms can wield two-handed weapons with a shield.
You have a pair of large antennae on your head. (SInv)


Message History

The orc warrior is moderately wounded.
You closely miss the orc warrior.
The orc warrior is moderately wounded.
The orc warrior hits you with a battleaxe!
You hit the orc warrior but do no damage.
The orc warrior is moderately wounded.
You hit the orc warrior but do no damage.
The orc warrior is moderately wounded.
The orc warrior closely misses you.
You riposte.
Your shield prevents you from hitting the orc warrior.
The orc warrior is moderately wounded.
You completely miss the orc warrior.
The orc warrior is moderately wounded.
The orc warrior hits you with a battleaxe!
* * * LOW HITPOINT WARNING * * *
Things that are here:
a club; an orc corpse
There is a stone staircase leading up here.
The orc warrior hits you with a battleaxe!!
You die...

# #..........#
#.#............
.....##.###.##
........#
#.#####.##.#.#
.<.........#.#
........##.#.#
.....>...).#.#.#
#.#####..o@....#
####.########
#.........
#.######## ###


You could see an orc warrior.

Vanquished Creatures
  Grinder (D:4)
  The ghost of kae the Slasher, an amateur FoFi (D:3)
  A hippogriff (D:6)
  Sigmund (D:3)
  Edmund (D:4)
  Duvessa (D:4)
  3 ice beasts
  2 phantoms
  2 necrophages
  A black bear (D:7)
  3 ogres
  2 eyes of draining (D:3)
  2 centaurs (D:7)
  2 bullfrogs (D:7)
  Dowan (D:4)
  2 scorpions
  3 killer bees (D:7)
  A centaur zombie (D:6)
  4 hounds
  3 jellies
  3 orc priests
  2 orc wizards (D:4)
  A centaur skeleton (D:5)
  2 iguanas (D:5)
  5 worker ants
  A hound skeleton (D:4)
  5 gnolls
  9 adders
  2 oozes
  4 worms
  4 dart slugs
  7 leopard geckos
  21 orcs
  4 ball pythons
  8 giant cockroaches
  8 goblins
  A hobgoblin (D:1)
  2 jackals (D:7)
  3 quokkas
  11 bats
  6 frilled lizards
  2 jackal zombies
  4 kobolds
  6 rats
158 creatures vanquished.

Vanquished Creatures (others)
  A quokka (D:4)
1 creature vanquished.

Grand Total: 159 creatures vanquished

Notes
Turn   | Place    | Note
-------+----------+-------------------------------------------
     0 | D:1      | kae the Formicid Fighter began the quest for the Orb.
     0 | D:1      | Reached XP level 1. HP: 18/18 MP: 1/1
    85 | D:1      | Reached XP level 2. HP: 16/24 MP: 2/2
   181 | D:1      | Reached skill level 3 in Long Blades
   260 | D:1      | Reached XP level 3. HP: 29/29 MP: 3/3
   730 | D:2      | Reached skill level 4 in Long Blades
   730 | D:2      | Reached XP level 4. HP: 35/35 MP: 4/4
  1388 | D:2      | Reached XP level 5. HP: 37/41 MP: 5/5
  1546 | D:3      | Found a bloodstained altar of Trog.
  1546 | D:3      | Noticed an eye of draining
  1546 | D:3      | Noticed an eye of draining
  1557 | D:3      | Reached skill level 5 in Long Blades
  1571 | D:3      | Killed an eye of draining
  1571 | D:3      | Reached XP level 6. HP: 47/47 MP: 0/6
  1591 | D:3      | Killed an eye of draining
  1591 | D:3      | Reached skill level 6 in Long Blades
  1929 | D:3      | Noticed kae's ghost (amateur FoFi)
  1948 | D:3      | Killed kae's ghost
  1948 | D:3      | Reached skill level 7 in Long Blades
  1948 | D:3      | Reached XP level 7. HP: 22/52 MP: 7/7
  2358 | D:3      | Noticed Sigmund
  2375 | D:3      | Killed Sigmund
  2375 | D:3      | Reached skill level 8 in Long Blades
  2530 | D:3      | Reached XP level 8. HP: 58/58 MP: 8/8
  2709 | D:4      | Noticed Edmund
  2764 | D:4      | Killed Edmund
  2764 | D:4      | Reached skill level 9 in Long Blades
  2876 | D:4      | Noticed Duvessa
  2878 | D:4      | Noticed Dowan
  2903 | D:4      | Killed Duvessa
  2953 | D:4      | Killed Dowan
  3239 | D:4      | Noticed Grinder
  3258 | D:4      | Killed Grinder
  3258 | D:4      | Reached skill level 10 in Long Blades
  3290 | D:4      | Found a hazy altar of Hepliaklqana.
  3335 | D:4      | Reached XP level 9. HP: 40/64 MP: 9/9
  3558 | D:4      | Found a white marble altar of Elyvilon.
  3605 | D:4      | Reached skill level 11 in Long Blades
  3652 | D:4      | Found an iron altar of Okawaru.
  3931 | D:4      | Found a stormy altar of Qazlal.
  3931 | D:4      | Found a shattered altar of Ashenzari.
  3947 | D:4      | Became a worshipper of Qazlal Stormbringer
  3972 | D:5      | Entered Level 5 of the Dungeon
  4226 | D:5      | Found a snail-covered altar of Cheibriados.
  4460 | D:5      | Found a staircase to the Ecumenical Temple.
  4816 | D:6      | Found Kusying's Antique Weapon Boutique.
  5372 | D:6      | Reached skill level 12 in Long Blades
  5597 | D:7      | Noticed a hippogriff
  5621 | D:6      | Killed a hippogriff
  6056 | D:7      | Reached XP level 10. HP: 40/70 MP: 10/10
  6320 | D:7      | Reached skill level 13 in Long Blades
  7230 | D:8      | Slain by an orc warrior

Vault maps used:
D:1:      scummos_arrival_hexagon
D:3:      trog_eyes_of_draining, uniq_sigmund
D:4:      minmay_thick_lines, kennysheep_mini_moat, elyvilon_altar_4,
          gammafunk_temple_overflow_pools, okawaru_ov_weapons_minmay,
          uniq_duvessa, uniq_edmund, uniq_grinder
D:5:      lemuel_doored_altar, first_bread
D:6:      serial_shops, shop, hangedman_decor_push
D:7:      grunt_ogre_cave
D:8:      kennysheep_mini, eat_drink_and_be_merry_uskayaw

Skill      XL: |  1  2  3  4  5  6  7  8  9 10 |
---------------+-------------------------------+-----
Long Blades    | 3 4 5 7 8 10 12 13 | 13.7
Fighting       | |  3.2
Armour         | |  3.2
Shields        | |  3.6

Action                   |  1- 3 |  4- 6 |  7- 9 | 10-12 || total
-------------------------+-------+-------+-------+-------++-------
Melee: Long sword        |    72 |   163 |   494 |   136 ||   865
 Abil: Dig               |       |     2 |     3 |       ||     5
  Use: Scroll            |       |     5 |     1 |       ||     6
       Potion            |       |     1 |     3 |     1 ||     5
  Eat: Chunk             |       |     4 |    11 |     4 ||    19
       Royal jelly       |       |       |     1 |       ||     1
       Fruit             |       |       |     1 |       ||     1
Armor: Scale mail        |    26 |    44 |   132 |    27 ||   229
       Skin              |       |       |     8 |       ||     8
Dodge: Dodged            |    20 |    43 |    98 |    33 ||   194
Block: Shield            |    30 |    54 |   175 |    50 ||   309
